 Dungeon Crawl Stone Soup version 0.15-a0-2172-g9ff0d5b (webtiles) character file.

58 Charly the Changer (level 4, -3/32 HPs)
             Began as a Merfolk Transmuter on July 21, 2014.
             Was an Initiate of Cheibriados.
             Slain by a gnoll (5 damage)
             ... on Level 4 of the Dungeon.
             The game lasted 00:16:11 (856 turns).

Charly the Changer (Merfolk Transmuter)              Turns: 856, Time: 00:16:12

HP  -3/32        AC  2     Str 12      XL: 4   Next:  1%
MP   3/7         EV 13     Int 13      God: Cheibriados [......]
Gold 34          SH  0     Dex 15      Spells:  3 memorised,  1 level left

rFire  . . .     SeeInvis .       - Unarmed
rCold  . . .     Clarity  .     c - +0 robe
rNeg   . . .     rCorr    .     (no shield)
rPois  .         rRot     .     (no helmet)
rElec  .         Spirit   .     (no cloak)
SustAb .         Warding  .     (no gloves)
rMut   .         Stasis   .     (no boots)
Gourm  .                        (no amulet)
MR     .....                    (no ring)
                                (no ring)

@: very slightly contaminated, invisible, very slow, not resistant to hostile
enchantments, very unstealthy
A: change form in water, swift swim
a: Bend Time, Renounce Religion


You were on level 4 of the Dungeon.
You worshipped Cheibriados.
Cheibriados was noncommittal.
You were not hungry.

You visited 1 branch of the dungeon, and saw 4 of its levels.

You collected 34 gold pieces.

Inventory:

Hand weapons
 j - a +0 mace
Missiles
 b - 57 arrows
 f - an arrow of flame
 n - 24 stones (quivered)
Armour
 c - a +0 robe (worn)
Comestibles
 a - a bread ration
Potions
 e - 3 potions of poison {unknown}
 g - a potion of degeneration {unknown}
 k - a potion of lignification {unknown}
 l - a potion of curing {unknown}
Books
 d - a book of Changes

   Spells                             Type                      Level
   *Beastly Appendage                 Transmutation                1
   *Sticks to Snakes                  Transmutation                2
   *Spider Form                       Transmutation/Poison         3
   Ice Form                           Ice/Transmutation            4
   Blade Hands                        Transmutation                5


   Skills:
 - Level 1.1 Fighting
 - Level 2.6 Dodging
 - Level 4.0 Unarmed Combat
 - Level 2.0 Spellcasting
 + Level 4.4 Transmutations
 * Level 1.0 Poison Magic


You had one spell level left.
You knew the following spells:

 Your Spells              Type           Power        Failure   Level  Hunger
b - Beastly Appendage     Trmt           ##....       6%          1    ##.....
s - Sticks to Snakes      Trmt           ##........   10%         2    ###....
S - Spider Form           Trmt/Pois      #.........   28%         3    ####...


Dungeon Overview and Level Annotations

Branches:
Dungeon (4/15)
 Temple: D:4-7

Altars:
Cheibriados

Annotations:
D:3 Grinder; Xiguana's ghost, average HEWz


Message History

The gnoll shouts! x4
The gnoll throws a throwing net.
The throwing net misses you.
Found a throwing net.
There is a stone staircase leading up here.
Drink which item? (? for menu, Esc to quit)
You fade into invisibility!
You are very lightly contaminated with residual magic.
A quokka and a giant mite come into view.
Really attack while wielding your arrow of flame?
Unknown command.
You are now empty-handed.
You miss the gnoll.
The quokka moves out of view.
The gnoll barely misses you.
You hit the gnoll but do no damage. The gnoll hits you with a whip!
You barely miss the gnoll. The gnoll hits you but does no damage.
The gnoll hits you with a whip!
* * * LOW HITPOINT WARNING * * *
The gnoll closely misses you. The gnoll closely misses you. The gnoll hits you.
You die...

⌠.. ..... #...#
##...# 8...8 #...#
.# #...# .#.#
##...## ...# .
#8..@8##.#.##
...##..g##.......
........gg........
.......g..(..#.##
.................
.............#.##
.............# #
........<....#
......s......#


You could see 4 gnolls and a giant mite (wandering).

Vanquished Creatures
  An adder (D:3)
  A giant gecko (D:4)
  2 oozes
  2 orcs (D:3)
  2 giant cockroaches
  7 hobgoblins
  2 kobolds
  2 bats (D:2)
  2 giant newts
  4 goblins
  2 rats (D:3)
27 creatures vanquished.

Vanquished Creatures (collateral kills)
  An adder (D:2)
  A worm (D:2)
  A giant gecko (D:3)
  An orc (D:3)
4 creatures vanquished.

Grand Total: 31 creatures vanquished

Notes
Turn   | Place    | Note
--------------------------------------------------------------
     0 | D:1      | Charly, the Merfolk Transmuter, began the quest for the Orb.
     0 | D:1      | Reached XP level 1. HP: 15/15 MP: 3/3
   104 | D:2      | Reached XP level 2. HP: 15/21 MP: 2/4
   110 | D:2      | Learned a level 2 spell: Sticks to Snakes
   290 | D:3      | Reached XP level 3. HP: 3/26 MP: 3/6
   314 | D:3      | Learned a level 3 spell: Spider Form
   374 | D:3      | Reached skill level 4 in Unarmed Combat
   398 | D:3      | Noticed Xiguana's ghost (average HEWz)
   418 | D:3      | Found a snail-covered altar of Cheibriados.
   431 | D:3      | Became a worshipper of Cheibriados the Contemplative
   795 | D:3      | Reached skill level 1 in Poison Magic
   795 | D:3      | Reached XP level 4. HP: 16/32 MP: 1/7
   807 | D:3      | Noticed Grinder
   838 | D:3      | Paralysed by Grinder for 4 turns
   856 | D:4      | Slain by a gnoll

Action                   |  1- 3 |  4- 6 || total
-------------------------+-------+-------++-------
Melee: Unarmed           |   110 |     3 ||   113
Throw: Stone             |     2 |       ||     2
 Cast: Beastly Appendage |     8 |       ||     8
       Sticks to Snakes  |    10 |     2 ||    12
       Spider Form       |     5 |       ||     5
Invok: Bend Time         |     1 |       ||     1
  Use: Scroll            |     4 |       ||     4
       Potion            |       |     1 ||     1
  Eat: Chunk             |     2 |       ||     2
